 Dungeon Crawl Stone Soup version 0.27-a0-1220-g54dba09ff7 (webtiles) character file.

Game seed: 3685063746692604892

163951 Delamore the Deadly Accurate (level 18, 0/157 HPs)
             Began as a Formicid Fighter on June 7, 2021.
             Was a High Priest of Ashenzari.
             Killed from afar by Mara (illusionary) (29 damage)
             ... with a bolt of fire
             ... on level 4 of the Spider Nest.
             The game lasted 00:40:35 (24415 turns).

Delamore the Deadly Accurate (Formicid Fighter)    Turns: 24415, Time: 00:40:36

Health: 0/157      AC: 27    Str: 27    XL:     18   Next: 47%
Magic:  3/19       EV: 15    Int: 10    God:    Ashenzari [*****.]
Gold:   2792       SH: 22    Dex: 10    Spells: 18/18 levels left

rFire    . . .     SeeInvis +   b - +1 demon trident "Cursed With Me" {venom, Fort, Cun} (curse)
rCold    + . .     Faith    .   t - +0 tower shield "Gaze Upon Infinity" {Evo, Fort} (curse)
rNeg     + + .     Spirit   .   J - +4 plate armour "Cursed With Me" {rC+, Elem, Melee} (curse)
rPois    .         Reflect  .   (helmet unavailable)
rElec    .         Harm     .   o - +0 cloak "Bound Inconvenience" {Melee, Alch} (curse)
rCorr    .         Rampage  .   j - +0 pair of gloves of Toth-Mos's Legacy {Self, Cun} (curse)
Will     ++...     Clarity  +   l - +1 pair of boots {Fly}
Stlth    ..........             U - amulet of the Lashed Vexation {rN+ Will+ Regen+, Melee, Self} (curse)
HPRegen  1.36/turn              O - ring "Enlightened Oracle" {EV+4, Cun, Melee} (curse)
MPRegen  0.16/turn              Q - ring of Ashenzari's Burden {rN+, Self, Evo} (curse)

@: lethally poisoned (0 -> -18), flying
A: permanent stasis, dig shafts and tunnels, antennae 3, four strong arms
a: Dig, Shaft Self, Renounce Religion, Curse Item, Shatter the Chains


You were on level 4 of the Spider Nest.
You worshipped Ashenzari.
Ashenzari was extremely pleased with you.
You visited 4 branches of the dungeon, and saw 27 of its levels.
You also visited: Sewer, Gauntlet and Volcano.

You collected 3363 gold pieces.
You spent 571 gold pieces at shops.

Inventory:

Hand Weapons
 a - a +0 vorpal trident
 b - the cursed +1 demon trident "Cursed With Me" (weapon) {venom, Fort, Cun}
   (You acquired it on level 3 of the Dungeon)

   It poisons the flesh of those it strikes.
   It has a curse which improves the following skills: Fortitude: Armour and
   Shields.
   Cunning:   Dodging and Stealth.
 e - a +4 bardiche of freezing
Missiles
 i - 2 boomerangs of dispersal (quivered)
 k - 3 curare-tipped darts
 z - 27 boomerangs
 A - 115 poisoned darts
 M - 4 throwing nets
 V - 9 silver javelins
Armour
 j - the cursed +0 pair of gloves of Toth-Mos's Legacy (worn) {Self, Cun}
   (You found it on level 1 of the Dungeon)

   It has a curse which improves the following skills: Introspection: Fighting
   and Spellcasting.
   Cunning:   Dodging and Stealth.
 l - a +1 pair of boots of flying (worn)
 o - the cursed +0 cloak "Bound Inconvenience" (worn) {Melee, Alch}
   (You took it off Crazy Yiuf on level 2 of the Dungeon)

   It has a curse which improves the following skills: Melee Combat: Short
   Blades, Long Blades, Axes, Maces & Flails, Polearms, Staves and Unarmed
   Combat.
   Alchemy:   Poison Magic and Transmutations.
 t - the cursed +0 tower shield "Gaze Upon Infinity" (worn) {Evo, Fort}
   (You found it on level 4 of the Dungeon)

   It has a curse which improves the following skills: Evocations: Evocations.
   Fortitude: Armour and Shields.
 J - the cursed +4 plate armour "Cursed With Me" (worn) {rC+, Elem, Melee}
   (You took it off an orc warrior on level 12 of the Dungeon)

   It has a curse which improves the following skills: Elements: Fire Magic, Ice
   Magic, Air Magic and Earth Magic.
   Melee Combat: Short Blades, Long Blades, Axes, Maces & Flails, Polearms,
   Staves and Unarmed Combat.
Jewellery
 I - a ring of ice
 O - the cursed ring "Enlightened Oracle" (left hand) {EV+4, Cun, Melee}
   (You found it on level 2 of the Lair of Beasts)

   [ring of evasion]

   It affects your evasion (+4).
   It has a curse which improves the following skills: Cunning: Dodging and
   Stealth.
   Melee Combat: Short Blades, Long Blades, Axes, Maces & Flails, Polearms,
   Staves and Unarmed Combat.
 Q - the cursed ring of Ashenzari's Burden (right hand) {rN+, Self, Evo}
   (You found it on level 4 of the Lair of Beasts)

   [ring of positive energy]

   It protects you from negative energy.
   It has a curse which improves the following skills: Introspection: Fighting
   and Spellcasting.
   Evocations: Evocations.
 S - a +6 ring of intelligence
 T - a ring of willpower
 U - the cursed amulet of the Lashed Vexation (around neck) {rN+ Will+ Regen+, Melee, Self}
   (You found it in a Gauntlet)

   [amulet of regeneration]

   It protects you from negative energy.
   It increases your rate of health regeneration.
   It increases your willpower.
   It has a curse which improves the following skills: Melee Combat: Short
   Blades, Long Blades, Axes, Maces & Flails, Polearms, Staves and Unarmed
   Combat.
   Introspection: Fighting and Spellcasting.
 W - an amulet of reflection
 Y - a ring of ice
 Z - an amulet of guardian spirit
Wands
 x - a wand of flame (116)
 y - a wand of iceblast (65)
 C - a wand of acid (9)
 E - a wand of mindburst (12)
 K - a wand of paralysis (12)
 P - a wand of digging (6)
 R - a wand of polymorph (10)
Scrolls
 c - 2 scrolls of immolation
 m - 30 scrolls of identify
 r - 4 scrolls of magic mapping
 u - 6 scrolls of fear
 v - 2 scrolls of brand weapon
 B - 3 scrolls of enchant armour
 D - 7 scrolls of amnesia
 F - 6 scrolls of fog
 H - a scroll of summoning
 L - 2 scrolls of silence
Potions
 d - 10 potions of might
 g - 7 potions of berserk rage
 h - 4 potions of mutation
 n - a potion of ambrosia
 p - 6 potions of flight
 q - 3 potions of heal wounds
 s - 13 potions of curing
 w - a potion of cancellation
 G - 5 potions of brilliance
 N - 2 potions of invisibility


   Skills:
 + Level 13.3(18.1) Fighting
 + Level 15.5(21.1) Polearms
 + Level 15.7 Throwing
 + Level 12.0(15.7) Armour
 - Level 4.9(10.0) Dodging
 + Level 13.1(16.7) Shields
 - Level 11.3(15.0) Evocations


You had 18 spell levels left.
You didn't know any spells.
Your spell library contained the following spells:

 Spells                   Type           Power      Damage    Failure   Level
 Beastly Appendage        Tmut           2%         N/A       88%         1
 Freeze                   Ice            4%         1d3       88%         1
 Sandblast                Erth           2%         2d4       88%         1
 Apportation              Tloc           0%         N/A       91%         1
 Corona                   Hex            0%         N/A       91%         1
 Magic Dart               Conj           0%         1d3       91%         1
 Summon Small Mammal      Summ           0%         N/A       91%         1
 Passwall                 Tmut/Erth      0%         N/A       96%         2
 Wereblood                Tmut           1%         N/A       96%         2
 Call Imp                 Summ           0%         N/A       97%         2
 Slow                     Hex            0%         N/A       97%         2
 Conjure Flame            Conj/Fire      0%         6-21      99%         3
 Frozen Ramparts          Ice            2%         1d2       99%         3
 Inner Flame              Hex/Fire       0%         N/A       99%         3
 Mephitic Cloud           Conj/Pois/Air  0%         N/A       99%         3
 Ozocubu's Armour         Ice            1%         N/A       99%         3
 Spider Form              Tmut/Pois      0%         N/A       99%         3
 Stone Arrow              Conj/Erth      0%         3d7       99%         3
 Call Canine Familiar     Summ           0%         N/A       100%        3
 Lesser Beckoning         Tloc           0%         N/A       100%        3
 Portal Projectile        Hex/Tloc       0%         N/A       100%        3
 Summon Guardian Golem    Hex/Summ       0%         N/A       100%        3
 Tukima's Dance           Hex            0%         N/A       100%        3
 Cause Fear               Hex            0%         N/A       100%        4
 Hailstorm                Conj/Ice       0%         3d3       100%        4
 Ice Form                 Ice/Tmut       1%         N/A       100%        4
 Leda's Liquefaction      Hex/Erth       0%         N/A       100%        4
 Petrify                  Tmut/Erth      1%         N/A       100%        4
 Summon Ice Beast         Ice/Summ       0%         N/A       100%        4
 Summon Lightning Spire   Summ/Air       0%         N/A       100%        4
 Alistair's Intoxication  Tmut/Pois      0%         N/A       100%        5
 Bolt of Magma            Conj/Fire/Erth 0%         4d4       100%        5
 Hydra Form               Tmut           0%         N/A       100%        5
 Iskenderun's Battlesphe  Conj           0%         2d6       100%        5
 Lee's Rapid Deconstruct  Erth           0%         3d5*      100%        5
 Metabolic Englaciation   Hex/Ice        0%         N/A       100%        5
 Summon Forest            Summ/Tloc      0%         N/A       100%        5
 Summon Mana Viper        Hex/Summ       0%         N/A       100%        5
 Freezing Cloud           Conj/Ice/Air   0%         6-21      100%        6
 Invisibility             Hex            0%         N/A       100%        6
 Iron Shot                Conj/Erth      0%         9d1       100%        6
 Shadow Creatures         Summ           N/A        N/A       100%        6
 Simulacrum               Ice/Necr       0%         N/A       100%        6
 Orb of Destruction       Conj           0%         N/A       100%        7
 Ozocubu's Refrigeration  Ice            0%         4d5       100%        7
 Spellforged Servitor     Conj/Summ      0%         N/A       100%        7
 Summon Hydra             Summ           0%         N/A       100%        7
 Chain Lightning          Conj/Air       0%         N/A       100%        8
 Lehudib's Crystal Spear  Conj/Erth      0%         10d2      100%        8
 Absolute Zero            Ice            0%         ∞         100%        9
 Fire Storm               Conj/Fire      0%         5d1       100%        9
 Blink                    Tloc           Unusable   N/A       N/A         2

Dungeon Overview and Level Annotations

Branches:
Dungeon (15/15)            Temple (0/1) D:4            Lair (6/6) D:11
  Swamp (0/4) Lair:2       Spider (4/4) Lair:4        Slime (0/5) Lair:5
    Orc (2/2) D:12            Elf (0/3) Orc:2        Vaults (0/5) D:13
 Depths (0/5) D:15          Sewer (visited)         Volcano (visited)
Gauntlet (visited)

Altars:
Ashenzari
Dithmenos
Fedhas
Hepliaklqana
Okawaru
Qazlal
Uskayaw
Vehumet
The Shining One
Beogh
Jiyva

Shops:
D:12 :   Orc:2 !([[

Annotations:
D:5 1 runed translucent door, Kinoniko's ghost, novice DrBe
D:15 2 transporters, Biklutre's ghost, journeyman MiFi
Lair:4 3 runed translucent doors, Cexaemot's ghost, journeyman DgTm; Mexzic's ghost, journeyman TeCj; Ytzathau's ghost, journeyman MiDe
Spider:4 Mara


Innate Abilities, Weirdness & Mutations

You cannot be hasted, slowed, berserked, paralysed or teleported.
You can dig through walls and to a lower floor.
You have a pair of large antennae on your head. (SInv)
Your four strong arms can wield two-handed weapons with a shield.


Message History

Delamore's illusion hits you but does no damage.
You are poisoned.
You block Mara's attack.
You closely miss Mara.
Mara is almost dead.
You feel sick.
Mara hits you from afar with a +0 demon trident of venom!
You are more poisoned.
You hit Mara.
Mara is almost dead.
You feel very sick. You block Delamore's illusion's attack.
You block Mara's attack.
You hit Mara.
You kill Mara!
You feel very sick.
Mara hits you from afar with a +0 demon trident of venom!!
* * * LOW HITPOINT WARNING * * *
You are lethally poisoned!
You block Delamore's illusion's attack.
You feel better.
Mara hits you from afar with a +0 demon trident of venom!
* * * LOW HITPOINT WARNING * * *
You are poisoned.
Mara blinks!
Delamore's illusion completely misses you.
You feel much better.
You feel very sick.
Mara gestures.
Mara hits you from afar with a +0 demon trident of venom!
* * * LOW HITPOINT WARNING * * *
You are lethally poisoned!
Delamore's illusion barely misses you.
You feel much better.
You feel extremely sick.
Mara's face changes twice.
You block Mara's attack.
Mara growls.
Mara gestures at you. The bolt of fire hits you!!
You die...

#########.^^..## , *
######.^.^....... ^ *,
######.^##..##.^# * ,,
#####..##....## ,##..#. ..
####..##......##...#^,^*..
###.^##.....^..##.^..#. .#
###.##..........##.#...#..
###.#$..........$#^.#.#^.#
####.#$...@......$#.......#
####.#$....@.....$#.###.^#.
###..#$...RR....^$#.....<##
###.^##..........##..†#^.#^
###...##.......(##.......#.
###.#..##......##..^#...^#.
###.##..##$!!(##......#^.#.
##.###^.######^..#!..#^#..
#.####†..##...^#^.##...#.


You could see 2 Maras and Delamore's illusion (poisoned).

Vanquished Creatures
  Rupert (Lair:4)
  Frances (Spider:2)
  2 emperor scorpions (Spider:3)
  3 ghost moths
  A quicksilver ooze (Gauntlet)
  2 spark wasps
  A minotaur (Gauntlet)
  2 fire dragons
  An ettin (D:15)
  Harold (Orc:1)
  Erolcha (D:13)
  17 hydras
  A vault guard (D:13)
  Fannar (D:10)
  2 boulder beetles
  2 ogre magi (Orc:2)
  9 centaur warriors
  17 two-headed ogres
  A deep troll earth mage (D:12)
  12 death yaks
  A hell hog (Volcano)
  A tengu warrior (D:12)
  Urug (Orc:2)
  A fire crab (Volcano)
  A skeletal warrior (D:13)
  3 deep trolls
  A swamp dragon (Lair:6)
  A phantasmal warrior (D:12)
  Pikel (D:5)
  3 lindwurms (Lair:6)
  A harpy (shapeshifter) (D:13)
  A deep elf pyromancer (D:13)
  An orb spider (shapeshifter) (D:13)
  3 orc sorcerers
  A necromancer (D:15)
  A deep elf zephyrmancer (D:15)
  3 orc knights
  11 cyclopes
  11 ugly things
  5 orb spiders
  A manticore (D:12)
  A moth of wrath (shapeshifter) (D:12)
  23 wolf spiders
  6 black mambas
  2 moths of wrath (Spider:2)
  8 elephants (Lair:6)
  Maurice (D:11)
  A torpor snail (Lair:6)
  16 cane toads
  3 gargoyles
  A yaktaur (D:13)
  2 kobold demonologists (D:10)
  6 rime drakes
  A rime drake (shapeshifter) (D:13)
  9 demonic crawlers
  2 tengu conjurers
  2 efreet
  A freezing wraith (D:15)
  15 komodo dragons
  3 meliai (D:14)
  11 trolls
  A wind drake (shapeshifter) (D:15)
  6 polar bears
  2 meliai (shapeshifter)
  23 jumping spiders
  5 hornets
  Grinder (D:6)
  11 blink frogs
  9 slime creatures (D:13)
  7 dream sheep (Lair:6)
  2 centaur simulacra (Gauntlet)
  22 tarantellas
  2 shadows
  45 redbacks
  3 wyverns
  2 spriggans (Lair:4)
  34 yaks
  9 basilisks
  8 fire bats (Volcano)
  17 vampire mosquitoes
  6 steam dragons
  2 wraiths (D:14)
  4 wargs
  11 water moccasins
  3 acid dragons
  4 hell hounds
  Duvessa (D:4)
  A sky beast (D:6)
  17 orc warriors
  A black bear (Lair:4)
  3 ice beasts
  An ogre (shapeshifter) (D:12)
  23 ogres
  3 necrophages
  A tengu (shapeshifter) (D:12)
  A hornet zombie (D:8)
  60 wolves
  A lemure (D:5)
  2 centaurs (D:10)
  3 phantoms
  4 kobold brigands
  2 wyvern zombies
  2 gnoll sergeants
  3 scorpions
  8 bullfrogs
  A cane toad simulacrum (Gauntlet)
  Dowan (D:4)
  A water moccasin skeleton (D:5)
  3 troll zombies (D:12)
  9 killer bees
  8 wights (D:8)
  An electric eel (Spider:3)
  6 howler monkeys
  A centaur zombie (D:9)
  2 jellies (D:5)
  5 lava snakes (Volcano)
  A gnoll shaman (Orc:1)
  A bullfrog skeleton (D:7)
  A bullfrog zombie (D:6)
  8 orc priests
  Crazy Yiuf (D:2)
  5 hounds
  3 iguanas
  11 orc wizards
  Natasha (D:2)
  5 ogre zombies (D:12)
  3 hound skeletons (D:4)
  Robin (D:2)
  13 gnolls
  A river rat (Sewer)
  7 adders
  3 white imps
  An ufetubus (D:7)
  3 worms
  54 orcs
  6 endoplasms
  5 giant cockroaches
  15 goblins
  15 hobgoblins
  11 jackals
  27 kobolds
  4 quokkas
  6 ball pythons
  5 bats
  4 frilled lizards
  4 goblin skeletons (D:12)
  A goblin zombie (D:12)
  3 hobgoblin zombies (D:12)
  5 orc skeletons (D:12)
  12 orc zombies (D:12)
  6 rats
911 creatures vanquished.

Vanquished Creatures (others)
  An ogre mage (D:15)
  A steam dragon (Volcano)
  34 fungi
  53 plants
  4 withered plants (Lair:4)
93 creatures vanquished.

Grand Total: 1004 creatures vanquished

Notes
Turn   | Place    | Note
-------+----------+-------------------------------------------
     0 | D:1      | Delamore the Formicid Fighter began the quest for the Orb.
     0 | D:1      | Reached XP level 1. HP: 18/18 MP: 1/1
     2 | D:1      | Noticed a draconian
     4 | D:1      | Noticed a dwarf
     4 | D:1      | Noticed a vine stalker
     6 | D:1      | Noticed an elf
     6 | D:1      | Noticed a felid
    10 | D:1      | Noticed a demigod
    10 | D:1      | Noticed a ghoul
    14 | D:1      | Noticed a troll
    14 | D:1      | Noticed a merfolk
    16 | D:1      | Noticed a formicid
    16 | D:1      | Noticed a naga
    18 | D:1      | Noticed a minotaur
    18 | D:1      | Noticed a tengu
    20 | D:1      | Noticed a human
    20 | D:1      | Noticed a palentonga
    22 | D:1      | Noticed a centaur
    22 | D:1      | Noticed an octopode
    24 | D:1      | Noticed a gargoyle
    24 | D:1      | Noticed a spriggan
    26 | D:1      | Noticed a vampire
    26 | D:1      | Noticed a demonspawn
    28 | D:1      | Noticed an ogre
    28 | D:1      | Noticed a barachi
   101 | D:1      | Reached XP level 2. HP: 15/24 MP: 2/2
   485 | D:1      | Reached XP level 3. HP: 26/30 MP: 3/3
  1004 | D:2      | Found a faded altar of an unknown god.
  1026 | D:2      | Became a worshipper of Ashenzari the Shackled
  1111 | D:2      | Reached XP level 4. HP: 36/38 MP: 4/4
  1313 | D:2      | Noticed Natasha
  1320 | D:2      | Killed Natasha
  1321 | D:2      | Reached XP level 5. HP: 37/43 MP: 5/5
  1538 | D:2      | Found a runed translucent door.
  1539 | D:2      | Noticed Crazy Yiuf
  1642 | D:2      | Noticed Robin
  1655 | D:2      | Killed Robin
  1862 | D:2      | Killed Crazy Yiuf
  1910 | D:3      | Reached XP level 6. HP: 50/50 MP: 6/6
  1929 | D:3      | Identified a scroll of acquirement
  1937 | D:3      | Acquired a +0 demon trident of venom
  2254 | D:3      | Found a hide-covered altar of Uskayaw.
  2310 | D:3      | Found a glowing drain.
  2315 | Sewer    | Entered a sewer
  2410 | Sewer    | Found a glowing silver altar of Zin.
  2567 | D:3      | Reached * piety under Ashenzari
  2682 | D:4      | Reached skill level 5 in Polearms
  2741 | D:4      | Reached XP level 7. HP: 56/56 MP: 7/7
  2756 | D:4      | Found an iron altar of Okawaru.
  2777 | D:4      | Noticed Dowan
  2777 | D:4      | Noticed Duvessa
  2786 | D:4      | Killed Duvessa
  2787 | D:4      | Reached skill level 5 in Shields
  2792 | D:4      | Killed Dowan
  2849 | D:4      | Found a staircase to the Ecumenical Temple.
  2920 | D:4      | Reached ** piety under Ashenzari
  3180 | D:5      | Entered Level 5 of the Dungeon
  3284 | D:5      | Reached skill level 5 in Armour
  3380 | D:5      | Noticed Pikel
  3407 | D:5      | Killed Pikel
  3408 | D:5      | Reached XP level 8. HP: 49/64 MP: 8/8
  3557 | D:5      | Found a runed translucent door.
  3566 | D:5      | Reached *** piety under Ashenzari
  3572 | D:5      | Noticed Kinoniko's ghost (novice DrBe)
  3783 | D:5      | Reached XP level 9. HP: 67/69 MP: 9/9
  3866 | D:5      | Found a radiant altar of Vehumet.
  3963 | D:5      | Found a glowing golden altar of the Shining One.
  3964 | D:5      | Found a stormy altar of Qazlal.
  4419 | D:6      | Noticed Grinder
  4425 | D:6      | Killed Grinder
  4467 | D:6      | Reached skill level 10 in Polearms
  4836 | D:7      | Noticed a green ugly thing
  4865 | D:7      | Killed a green ugly thing
  4866 | D:7      | Reached skill level 5 in Fighting
  4879 | D:7      | Reached XP level 10. HP: 52/79 MP: 10/10
  4911 | D:7      | Noticed a two-headed ogre
  4932 | D:7      | Found a hazy altar of Hepliaklqana.
  4933 | D:7      | Found a shadowy altar of Dithmenos.
  4960 | D:7      | Killed a two-headed ogre
  5087 | D:7      | Found a broken altar of Ashenzari.
  5267 | D:7      | Reached skill level 5 in Throwing
  5929 | D:7      | Reached **** piety under Ashenzari
  6620 | D:9      | Reached XP level 11. HP: 90/90 MP: 11/11
  7029 | D:10     | Entered Level 10 of the Dungeon
  7182 | D:10     | Noticed Fannar
  7220 | D:10     | Killed Fannar
  7803 | D:11     | Found a staircase to the Lair.
  7835 | D:11     | Noticed an eight-headed hydra
  7844 | D:11     | Killed an eight-headed hydra
  8001 | D:11     | Noticed a two-headed ogre
  8006 | D:11     | Killed a two-headed ogre
  8027 | D:11     | Noticed Maurice
  8033 | D:11     | Killed Maurice
  8034 | D:11     | Reached XP level 12. HP: 97/100 MP: 12/12
  8436 | D:11     | Noticed a two-headed ogre
  8450 | D:11     | Killed a two-headed ogre
  8861 | D:12     | Found Lysy's Book Emporium.
  8935 | D:12     | Noticed a tengu warrior
  8948 | D:12     | Killed a tengu warrior
  9056 | D:12     | Reached skill level 10 in Fighting
  9215 | D:12     | Found a staircase to the Orcish Mines.
  9235 | D:12     | Reached skill level 10 in Shields
  9282 | D:12     | Identified the +1 morningstar of Armageddon {vorpal, Int+4}
  9367 | D:12     | Identified the amulet "Ickegafa" {Faith rN+ Str+6}
  9502 | D:12     | Noticed a centaur warrior
  9523 | D:12     | Killed a centaur warrior
  9574 | D:12     | Noticed a five-headed hydra
  9580 | D:12     | Noticed a deep troll earth mage
  9686 | D:11     | Killed a five-headed hydra
  9726 | D:12     | Killed a deep troll earth mage
  9906 | D:12     | Reached XP level 13. HP: 73/109 MP: 13/13
 10155 | D:12     | Noticed a centaur warrior
 10165 | D:12     | Killed a centaur warrior
 10232 | Lair:1   | Entered Level 1 of the Lair of Beasts
 10846 | Lair:1   | Noticed an eight-headed hydra
 10857 | Lair:1   | Killed an eight-headed hydra
 11194 | Lair:2   | Reached skill level 10 in Armour
 11433 | Lair:2   | Noticed an eight-headed hydra
 11446 | Lair:2   | Killed an eight-headed hydra
 11622 | Lair:2   | Found a staircase to the Swamp.
 12066 | Lair:2   | Reached ***** piety under Ashenzari
 12237 | Lair:3   | Noticed a six-headed hydra
 12249 | Lair:3   | Killed a six-headed hydra
 12308 | Lair:3   | Noticed a boulder beetle
 12326 | Lair:3   | Killed a boulder beetle
 12327 | Lair:3   | Reached XP level 14. HP: 120/120 MP: 14/14
 13421 | Lair:4   | Found a hole to the Spider Nest.
 13475 | Lair:4   | Found a runed translucent gate.
 13476 | Lair:4   | Found a runed translucent gate.
 13476 | Lair:4   | Found a runed translucent gate.
 13479 | Lair:4   | Noticed Ytzathau's ghost (journeyman MiDe)
 13479 | Lair:4   | Noticed Cexaemot's ghost (journeyman DgTm)
 13479 | Lair:4   | Noticed Mexzic's ghost (journeyman TeCj)
 13875 | Lair:4   | Noticed Rupert
 13890 | Lair:4   | Killed Rupert
 13891 | Lair:4   | Reached skill level 10 in Throwing
 14179 | Lair:5   | Found a staircase to the Slime Pits.
 14180 | Lair:5   | Found a viscous altar of Jiyva.
 14777 | Lair:6   | Entered Level 6 of the Lair of Beasts
 14814 | Lair:6   | Found a gate leading to a gauntlet.
 14961 | Lair:6   | Reached XP level 15. HP: 62/130 MP: 15/15
 15044 | Gauntlet | Entered a Gauntlet
 15044 | Gauntlet | Found a transporter.
 15046 | Gauntlet | Identified the amulet of Cutt {rN+ Will+ Regen+}
 15059 | Gauntlet | Found a transporter.
 15061 | Gauntlet | Identified the ring of Qeconefu {Drain rElec MP+9 Str+10
                  | Stlth-}
 15061 | Gauntlet | Found a transporter.
 15063 | Gauntlet | Found a transporter.
 15066 | Gauntlet | Noticed a quicksilver ooze
 15090 | Gauntlet | Found a transporter.
 15095 | Gauntlet | Found a transporter.
 15099 | Gauntlet | Found a large runed translucent door.
 15099 | Gauntlet | Found a large runed translucent door.
 15101 | Gauntlet | Found a large runed translucent door.
 15101 | Gauntlet | Found a large runed translucent door.
 15101 | Gauntlet | Found a large runed translucent door.
 15102 | Gauntlet | Found a runed translucent door.
 15103 | Gauntlet | Found a transporter.
 15104 | Gauntlet | Found a runed translucent door.
 15105 | Gauntlet | Found a large runed translucent door.
 15105 | Gauntlet | Found a large runed translucent door.
 15105 | Gauntlet | Found a large runed translucent door.
 15106 | Gauntlet | Found a large runed translucent door.
 15107 | Gauntlet | Found a large runed translucent door.
 15112 | Gauntlet | Found a large runed translucent door.
 15112 | Gauntlet | Found a large runed translucent door.
 15113 | Gauntlet | Found a large runed translucent door.
 15113 | Gauntlet | Found a large runed translucent door.
 15113 | Gauntlet | Found a large runed translucent door.
 15113 | Gauntlet | Found a large runed translucent door.
 15116 | Gauntlet | Found a runed translucent gate.
 15116 | Gauntlet | Found a runed translucent gate.
 15116 | Gauntlet | Found a runed translucent gate.
 15118 | Gauntlet | Found a transporter.
 15137 | Gauntlet | Found a transporter.
 15149 | Gauntlet | Found a transporter.
 15152 | Gauntlet | Identified the ring "Xemusiz" {rN+ rCorr Str+6 Slay-5}
 15161 | Gauntlet | Found a transporter.
 15173 | Gauntlet | Found a transporter.
 15181 | Gauntlet | Found a transporter.
 15181 | Gauntlet | Found a transporter.
 15183 | Gauntlet | Found a transporter.
 15206 | Gauntlet | Found a transporter.
 15212 | Gauntlet | Found a transporter.
 15263 | Gauntlet | Found a transporter.
 15468 | Gauntlet | Killed a quicksilver ooze
 15494 | Gauntlet | Identified the +2 chain mail of the Desert {Dex+4}
 15987 | Lair:6   | Reached skill level 1 in Evocations
 16001 | Lair:6   | Reached skill level 1 in Dodging
 16663 | Lair:6   | Acquired a +4 bardiche of freezing
 16892 | Orc:1    | Entered Level 1 of the Orcish Mines
 16958 | D:12     | Reached XP level 16. HP: 120/138 MP: 16/16
 17089 | Orc:1    | Found a dark tunnel.
 17106 | Volcano  | Entered a volcano
 17233 | Volcano  | Found a bloodstained altar of Trog.
 17327 | Volcano  | Found a bloodstained altar of Trog.
 17704 | Orc:1    | Noticed Harold
 17715 | Orc:1    | Killed Harold
 17910 | Orc:2    | Entered Level 2 of the Orcish Mines
 17918 | Orc:2    | Noticed Urug
 17954 | Orc:2    | Killed Urug
 18196 | Orc:2    | Found Sihul's Antique Weapon Emporium.
 18233 | Orc:2    | Reached skill level 5 in Evocations
 18270 | Orc:2    | Found Demukhen's Distillery.
 18420 | Orc:2    | Found Jinolef's Armour Boutique.
 18422 | Orc:2    | Bought a potion of heal wounds for 90 gold pieces
 18422 | Orc:2    | Bought 2 potions of curing for 108 gold pieces
 18422 | Orc:2    | Bought a potion of curing for 54 gold pieces
 18422 | Orc:2    | Bought a potion of might for 72 gold pieces
 18429 | Orc:2    | Found Vaipaoc's Armour Shoppe.
 18438 | Orc:2    | Bought a +1 pair of boots of flying for 247 gold pieces
 18548 | Orc:2    | Found a staircase to the Elven Halls.
 18754 | D:13     | Reached skill level 15 in Throwing
 19494 | D:13     | Noticed Erolcha
 19504 | D:13     | Killed Erolcha
 19505 | D:13     | Reached XP level 17. HP: 147/147 MP: 18/18
 19733 | D:13     | Found a gate to the Vaults.
 19851 | D:14     | Found a blossoming altar of Fedhas.
 20058 | D:14     | Reached skill level 10 in Evocations
 20390 | D:15     | Entered Level 15 of the Dungeon
 20402 | D:15     | Found a transporter.
 20402 | D:15     | Noticed Biklutre's ghost (journeyman MiFi)
 20403 | D:15     | Identified the ring of Tites {EV+4 Int+3 Dex+4}
 20403 | D:15     | Identified the ring "Lulyosiv" {Will+ Int-5 Dex+6 Slay+3}
 20450 | D:15     | Identified the +3 great sword "Xemia" {vamp, rElec}
 20765 | D:15     | Found a transporter.
 20845 | D:15     | Found a staircase to the Depths.
 20979 | D:15     | Found a glowing golden altar of the Shining One.
 21271 | Spider:1 | Entered Level 1 of the Spider Nest
 21307 | Spider:1 | Reached skill level 15 in Polearms
 22043 | Spider:2 | Noticed Frances
 22061 | Spider:2 | Killed Frances
 22750 | Spider:2 | Reached XP level 18. HP: 156/156 MP: 19/19
 23202 | Spider:3 | Identified the +2 leather armour "Sohapt" {Str+6 Dex+2
                  | Slay+2}
 23917 | Spider:4 | Entered Level 4 of the Spider Nest
 24109 | Spider:4 | Identified the +5 scale mail of the Fiend {rN+}
 24373 | Spider:4 | Noticed Mara
 24393 | Spider:4 | Noticed Delamore's illusion
 24415 | Spider:4 | Killed from afar by Mara (illusionary)

Illustrated notes

Levels and vault maps discovered:
D:1:      kb_arrival_jail, layout_basic, chequers_serial_rivers_small_a,
          minivault_4, minmay_close_crescents
D:2:      layout_loops_ring, hellmonk_ecumenical_altar_crossroads,
          wander_ebering_terrifying_dragon_lair, uniq_robin, uniq_natasha,
          uniq_crazy_yiuf_cottage
D:3:      layout_rooms, nicolae_uskayaw_suspiria, portal_sewer_entry_e
D:4:      layout_rooms, okawaru_trees_2, minmay_temple_entry_trees, uniq_duvessa
D:5:      layout_loops_corners, kennysheep_mini_moat,
          gammafunk_temple_overflow_statue, ebering_ghost_sewer_d,
          minmay_misc_feat_five, uniq_pikel
D:6:      layout_rooms, minivault_19, uniq_grinder, uniq_blork_the_orc
D:7:      layout_basic, riverfiend_overflow_shadow_ancestor,
          nicolae_overflow_crystal_walls, serial_park_tiny_1, kennysheep_potato
D:8:      layout_loops_ring
D:9:      layout_rooms
D:10:     layout_basic, uniq_fannar
D:11:     layout_stronghold, erik_lair_orcish_takeover, uniq_maurice
D:12:     minmay_octo_star, layout_basic, zombieorc2_lemuel, serial_shops,
          kennysheep_mini
D:13:     layout_long_grid, david_vaults_5, evilmike_minifort, uniq_erolcha
D:14:     layout_roguey, fedhas_altar_3
D:15:     hangedman_depths_entry_civil_slaughter, layout_cave_pools,
          gammafunk_ghost_stat_death, nicolae_tso_swordbearing_angel,
          serial_bayou_pond_a
Lair:1:   layout_chaotic_city, minmay_stone_trees_small, grunt_megastairs_1,
          serial_bayou_shore_b
Lair:2:   layout_cave_shapes, swamp_mist
Lair:3:   layout_cave_pods
Lair:4:   layout_small_grid, spider_nest_entry_webs, gammafunk_ghost_cemetery,
          forest_entry_grove, grunt_megastairs_5, uniq_rupert
Lair:5:   layout_loops_ring, slime_altar_1
Lair:6:   guppyfry_lair_end_dragon, layout_misc_corridors,
          hangedman_lair_in_review, gauntlet_entry_generic,
          chequers_serial_rivers_marsh, grunt_forest_large_clearings
Spider:1: layout_spider_delve
Spider:2: layout_chambers, hangedman_spider_tarantella_strand, uniq_frances
Spider:3: layout_spider_delve, nicolae_spider_wall_of_niches
Spider:4: grunt_spider_rune_circles, spiders_nest_the_unseen, uniq_mara
Orc:1:    layout_caves, basic_altar, enter_volcano_3, uniq_harold
Orc:2:    st_orc_open, layout_diamond_mine, uniq_urug

Skill      XL: |  1  2  3  4  5  6  7  8  9 10 11 12 13 14 15 16 17 18 |
---------------+-------------------------------------------------------+-----
Polearms       | 3 4 5 7 8 10 11 12 13 14 15 | 15.5
Fighting       | 4 5 7 9 10 11 12 13 | 13.3
Shields        | 4 6 9 10 11 12 13 | 13.1
Armour         | 4 5 7 9 10 11 12 | 12.0
Throwing       | 2 7 9 11 13 15 | 15.7
Evocations     | 3 9 11 | 11.3
Dodging        | 3 4 |  4.9

Action                   |  1- 3 |  4- 6 |  7- 9 | 10-12 | 13-15 | 16-18 || total
-------------------------+-------+-------+-------+-------+-------+-------++-------
Melee: Trident           |   107 |    68 |       |       |       |       ||   175
       Demon trident     |       |    91 |   225 |   769 |  1324 |  1516 ||  3925
Throw: Boomerang         |       |       |     2 |       |     9 |    14 ||    25
       Dart              |       |       |       |    23 |    66 |       ||    89
       Javelin           |       |       |       |       |       |     7 ||     7
Invok: Curse Item        |     1 |     1 |     3 |     1 |     4 |     1 ||    11
       Shatter the Chain |       |       |       |     1 |     2 |       ||     3
 Abil: Dig               |     2 |     7 |     2 |     6 |     4 |    22 ||    43
Evoke: Wand              |       |       |       |     2 |       |     4 ||     6
  Use: Scroll            |       |     2 |       |     2 |     2 |     1 ||     7
       Potion            |       |     1 |       |     2 |     3 |     5 ||    11
 Stab: Distracted        |       |       |       |     1 |       |       ||     1
       Paralysed         |       |       |       |       |       |     5 ||     5
Armor: Scale mail        |    33 |       |       |       |       |       ||    33
       Chain mail        |    11 |    84 |    40 |   104 |       |       ||   239
       Plate armour      |       |       |       |    96 |   420 |   381 ||   897
Dodge: Dodged            |    28 |    44 |    26 |   134 |   302 |   376 ||   910
Block: Kite shield       |    51 |    90 |    61 |   350 |   190 |       ||   742
       Tower shield      |       |       |       |       |   815 |  1176 ||  1991

Table legend: (Time is in decaauts)
 A = Elapsed time spent in this place.
 B = Non-inter-level travel time spent in this place.
 C = Inter-level travel time spent in this place.
 D = Time resting spent in this place.
 E = Time spent auto-exploring this place.
 F = Levels seen in this place.
 G = Mean time per level.
                   A        B        C        D        E       F      G
               +--------+--------+--------+--------+--------+-----+--------+
         Total |  23055 |  21591 |   1464 |    874 |  15031 |  30 |  768.5 |
       Dungeon |  12302 |  11457 |    845 |    495 |   8348 |  15 |  820.1 |
          Lair |   5751 |   5291 |    460 |    157 |   3874 |   6 |  958.5 |
   Spider Nest |   2884 |   2772 |    112 |    199 |   1857 |   4 |  721.0 |
  Orcish Mines |   1204 |   1159 |     45 |      0 |    679 |   2 |  602.0 |
         Sewer |    184 |    184 |      0 |      0 |    115 |   1 |  184.0 |
       Volcano |    265 |    265 |      0 |     23 |    149 |   1 |  265.0 |
      Gauntlet |    462 |    462 |      0 |      0 |      8 |   1 |  462.0 |
               +--------+--------+--------+--------+--------+-----+--------+

Top non-repeatable levels by time:
    D:12: 1422 daAuts
  Lair:6: 1183 daAuts
Spider:2: 1147 daAuts
     D:7: 1133 daAuts
    D:11: 1130 daAuts
    D:13: 1112 daAuts
  Lair:3: 1055 daAuts
     D:5: 1046 daAuts
     D:1: 1031 daAuts
  Lair:4: 1006 daAuts
     D:2: 928 daAuts
  Lair:1: 908 daAuts
  Lair:2: 888 daAuts
Spider:3: 736 daAuts
Spider:1: 713 daAuts
